 Dungeon Crawl Stone Soup version 0.21-a0-270-g8204059 (webtiles) character file.

46 tidbits the Insei (level 3, -2/27 HPs)
             Began as a Demigod Transmuter on Sept 13, 2017.
             Slain by a worm (11 damage)
             ... on level 2 of the Dungeon.
             The game lasted 00:07:00 (807 turns).

tidbits the Insei (Demigod Transmuter)               Turns: 807, Time: 00:07:00

Health: -2/27      AC:  3    Str: 13    XL:     3   Next: 26%
Magic:  1/9        EV: 12    Int: 19    God:
Gold:   87         SH:  0    Dex: 16    Spells: 0/6 levels left

rFire    . . .     SeeInvis .   a - -1 whip (curse)
rCold    . . .     Gourm    .   (no shield)
rNeg     . . .     Faith    .   B - +1 robe
rPois    .         Spirit   .   (no helmet)
rElec    .         Reflect  .   (no cloak)
rCorr    .         Harm     .   (no gloves)
MR       .....                  (no boots)
Stlth    +.........             (no amulet)
HPRegen  0.09/turn              (no ring)
MPRegen  0.11/turn              (no ring)

@: no status effects
A: high mp 1
a: no special abilities


You were on level 2 of the Dungeon.
You were hungry.

You visited 1 branch of the dungeon, and saw 2 of its levels.

You collected 87 gold pieces.

Inventory:

Hand Weapons
 a - a cursed -1 whip (weapon)
 b - a +0 hunting sling
 i - a +0 club
 l - a +0 short sword
 o - a +2 dagger of speed
   (You took it off a kobold on level 1 of the Dungeon)
 s - a +0 hunting sling of flaming
   (You took it off a goblin on level 2 of the Dungeon)
Missiles
 e - 46 stones (quivered)
 f - 11 sling bullets
 g - 24 arrows
Armour
 B - a +1 robe (worn)
Potions
 k - a potion of heal wounds {unknown}
 m - a potion of invisibility
 q - a potion of resistance {unknown}
 r - a potion of cancellation {unknown}
Books
 c - a book of Changes

   Spells                             Type                      Level
   a - Beastly Appendage              Transmutation                1
   b - Sticks to Snakes               Transmutation                2
   c - Spider Form                    Transmutation/Poison         3
   d - Ice Form                       Ice/Transmutation            4
   e - Blade Hands                    Transmutation                5
Comestibles
 d - 2 bread rations
 j - 3 meat rations
 n - 2 royal jellies


   Skills:
 - Level 0.8 Fighting
 - Level 1.7 Dodging
 * Level 3.0 Unarmed Combat
 - Level 2.4 Spellcasting
 + Level 2.6 Transmutations


You couldn't memorise any spells.
You knew the following spells:

 Your Spells              Type           Power        Failure   Level  Hunger
e - Beastly Appendage     Tmut           ##....       5%          1    #......
k - Sticks to Snakes      Tmut           ##......     9%          2    ##.....
p - Spider Form           Tmut/Pois      #.........   28%         3    ###....


Dungeon Overview and Level Annotations

Branches:
Dungeon (2/15)


Innate Abilities, Weirdness & Mutations

You have an increased reservoir of magic. (+10% MP)


Message History

You swing at nothing.
You swing at nothing.
You swing at nothing.
You swing at nothing.
You swing at nothing.
You swing at nothing.
You swing at nothing.
You swing at nothing.
You swing at nothing.
You swing at nothing.
You swing at nothing.
Casting: Spider Form
Confirm with . or Enter, or press ? or * to list all spells.
You miscast Spider Form.
Wisps of poison gas drift from your hands.
You are feeling hungry.
You swing at nothing.
You swing at nothing.
You swing at nothing.
You swing at nothing.
You swing at nothing.
You swing at nothing.
You swing at nothing.
You swing at nothing.
You swing at nothing.
You swing at nothing.
You swing at nothing.
You swing at nothing.
You swing at nothing.
You swing at nothing.
You swing at nothing.
You swing at nothing.
You swing at nothing.
You swing at nothing.
You swing at nothing.
You swing at nothing.
You swing at nothing.
You swing at nothing.
You swing at nothing.
You swing at nothing.
Casting: Spider Form
Confirm with . or Enter, or press ? or * to list all spells.
You turn into a venomous arachnid creature.
Your cursed -1 whip melds into your body.
Your +1 robe melds into your body.
Your transformation is almost over.
The helpless adder fails to defend itself.
You hit the adder.
The adder is lightly wounded.
The adder closely misses you.
You barely miss the adder.
The adder is lightly wounded.
The adder bites you but does no damage. The adder bites you.
You barely miss the adder.
The adder is lightly wounded.
The adder completely misses you.
You barely miss the adder.
The adder is lightly wounded.
The adder misses you.
You hit the adder.
The adder is poisoned.
The adder is heavily wounded.
The adder completely misses you.
You hit the adder.
You kill the adder!
Your Unarmed Combat skill increases to level 3!
Okay, then.
Your transformation has ended.
Your cursed -1 whip unmelds from your body.
Your +1 robe unmelds from your body.
A worm comes into view.
Found a scroll labeled KYFINAJ QIMUE.
The worm bites you.
You see here 5 gold pieces.
Casting: Spider Form
Confirm with . or Enter, or press ? or * to list all spells.
You create a snake!
You now have 24 arrows.
Your magical contamination has completely faded away.
You barely miss the worm.
Your ball python bites the worm.
Your ball python grabs the worm.
Your ball python constricts the worm.
The worm bites you.
You hit the worm.
The worm is moderately wounded.
Your ball python bites the worm.
Your ball python constricts the worm.
Your ball python bites the worm.
Your ball python constricts the worm.
You hit the worm but do no damage.
The worm is heavily wounded.
Your ball python bites the worm but does no damage.
Your ball python constricts the worm.
The worm bites you!
* * * LOW HITPOINT WARNING * * *
You completely miss the worm.
The worm is heavily wounded.
Your ball python bites the worm but does no damage.
Your ball python constricts the worm.
The worm bites your ball python!
Your ball python dies!
You hit the worm.
The worm is severely wounded.
You hit the worm.
The worm is severely wounded.
The worm bites you!
You die...

#.##..# #.###.# ######
######.# #.# ##.....
##......###.## ##......
##........##..# #.((....
#..........##.# #.......
#..........##.###.......
#..........##...........
#.....w@........#.......
#....$.....####(#.......
##........## #.........
#........# ##..#.....
...........# #...##.###
#......................#
#..........?.#.###.....#
#............#.# ......#
#............# .###.##


You could see a worm.

Vanquished Creatures
  An adder (D:2)
  An ooze (D:1)
  A dart slug (D:1)
  7 bats (D:1)
  3 giant cockroaches (D:1)
  3 goblins
  5 hobgoblins
  A ball python (D:1)
  5 kobolds (D:1)
  2 rats (D:1)
29 creatures vanquished.

Vanquished Creatures (collateral kills)
  A giant cockroach (D:1)
1 creature vanquished.

Grand Total: 30 creatures vanquished

Notes
Turn   | Place    | Note
-------+----------+-------------------------------------------
     0 | D:1      | tidbits the Demigod Transmuter began the quest for the Orb.
     0 | D:1      | Reached XP level 1. HP: 15/15 MP: 5/5
    73 | D:1      | Reached skill level 2 in Spellcasting
   204 | D:1      | Reached XP level 2. HP: 15/22 MP: 5/7
   208 | D:1      | Learned a level 2 spell: Sticks to Snakes
   378 | D:1      | Reached skill level 2 in Transmutations
   561 | D:1      | Reached XP level 3. HP: 21/27 MP: 7/9
   566 | D:1      | Learned a level 3 spell: Spider Form
   790 | D:2      | Reached skill level 3 in Unarmed Combat
   807 | D:2      | Slain by a worm

Vault maps used:
D:1:      lordsloth_arrival_two_stooges, hex_medium, minivault_4, minivault_24,
          st_stairs_11
D:2:      first_bread

Skill      XL: |  1  2  3 |
---------------+----------+-----
Spellcasting   | 2 |  2.4
Transmutations | 2 |  2.6
Unarmed Combat | 3 |  3.0
Fighting       | |  0.8
Dodging        | |  1.7

Action                   || total
-------------------------++-------
Melee: Club              ||    25
       Kick              ||    11
       Unarmed           ||    15
       Headbutt          ||     5
       Punch             ||     1
       Whip              ||    44
 Fire: Hunting sling     ||     3
Throw: Stone             ||     7
 Cast: Beastly Appendage ||    19
       Sticks to Snakes  ||     3
       Spider Form       ||     2
  Use: Scroll            ||     4
 Stab: Sleeping          ||     1
Armor: Robe              ||    20
       Skin              ||     1
Dodge: Dodged            ||    74

Table legend:
 A = Spawn XP
 B = Non-spawn XP
 C = Spawn XP percentage of total XP
 D = Spawn monster count
 E = Non-spawn monster count
 F = Spawn count percentage of total count
 G = Total turns spent on level
                    A         B        C        D         E        F      G
               +---------+---------+-------+---------+---------+-------+---------
         Total |       0 |      66 |   0.0 |       0 |      30 |   0.0 |   807
               +---------+---------+-------+---------+---------+-------+---------
           D:1 |       0 |      48 |   0.0 |       0 |      27 |   0.0 |   599
           D:2 |       0 |      18 |   0.0 |       0 |       3 |   0.0 |   208
               +---------+---------+-------+---------+---------+-------+---------

Table legend:
 A = Turns spent in this place as a percentage of turns spent in the entire game.
 B = Non-inter-level travel turns spent in this place as a percentage of non-inter-level travel turns spent in the entire game.
 C = Inter-level travel turns spent in this place as a percentage of turns spent in this place.
 D = Turns resting spent in this place as a percentage of non-inter-level travel turns spent in this place.
 E = Turns spent auto-exploring this place as a percentage of non-inter-level travel turns spent in this place.
 F = Non-inter-level travel turns spent in this place divided by the number of levels of this place that you've seen.
                   A       B       C       D       E      F
               +-------+-------+-------+-------+-------+----------------------
         Total | 100.0 | 100.0 |   1.7 |   0.0 |   0.0 | 396.5
       Dungeon | 100.0 | 100.0 |   1.7 |   0.0 |   0.0 | 396.5
               +-------+-------+-------+-------+-------+----------------------

Table legend:
 A = Kills in this place as a percentage of kills in entire the game.
 B = Kills by you in this place as a percentage of kills by you in the entire game.
 C = Kills by friends in this place as a percentage of kills by friends in the entire game.
 D = Other kills in this place as a percentage of other kills in the entire game.
 E = Experience gained in this place as a percentage of experience gained in the entire game.
 F = Experience gained in this place divided by the number of levels of this place that you have seen.
                   A       B       C       D       E      F
               +-------+-------+-------+-------+-------+----------------------
         Total | 100.0 | 100.0 | 100.0 |   N/A | 100.0 |  33.0
       Dungeon | 100.0 | 100.0 | 100.0 |   N/A | 100.0 |  33.0
               +-------+-------+-------+-------+-------+----------------------

Vault maps used:
D:1:      lordsloth_arrival_two_stooges, hex_medium, minivault_4, minivault_24,
          st_stairs_11
D:2:      first_bread
